 Dungeon Crawl Stone Soup version 0.17.0-28-g6e173f8 (webtiles) character file.

74 gorblad the Skirmisher (level 4, -14/44 HPs)
             Began as a Naga Berserker on Dec 3, 2015.
             Was an Initiate of Okawaru.
             Demolished by an ogre
             ... wielding a +0 giant spiked club
              (26 damage)
             ... on level 4 of the Dungeon.
             The game lasted 00:06:02 (2557 turns).

gorblad the Skirmisher (Naga Berserker)             Turns: 2557, Time: 00:06:02

Health: -14/44     AC:  3    Str: 20    XL:     4   Next: 28%
Magic:  4/4        EV:  9    Int:  8    God:    Okawaru [......]
Gold:   157        SH:  4    Dex: 10    Spells: 0 memorised, 3 levels left

rFire  . . .     SeeInvis +     p - +1 long sword
rCold  . . .     Clarity  .     b - +0 animal skin
rNeg   . . .     SustAt   .     j - +1 buckler
rPois  +         Gourm    .     (no helmet)
rElec  .         Spirit   .     (no cloak)
rCorr  .         Warding  .     i - +0 pair of gloves
rMut   .         Stasis   .     (no barding)
MR     .....                    (no amulet)
Stlth  +.........               (no ring)
                                (no ring)

@: very slow, not resistant to hostile enchantments, very unstealthy
A: see invisible, deformed body, poison resistance, slowness 2, slow metabolism
1, spit poison 2, AC +1
a: Spit Poison, Renounce Religion


You were on level 4 of the Dungeon.
You worshipped Okawaru.
Okawaru was noncommittal.
You were not hungry.

You visited 1 branch of the dungeon, and saw 4 of its levels.

You collected 157 gold pieces.

Inventory:

Hand Weapons
 a - a +0 falchion
 p - a +1 long sword (weapon)
 w - the cursed +3 short sword "Hydrabane" {freeze, *Contam rPois MP+9}
   (You took it off an orc on level 4 of the Dungeon)

   It has been specially enchanted to freeze those struck by it, causing extra
   injury to most foes and up to half again as much damage against particularly
   susceptible opponents.
   It can also slow down cold-blooded creatures.
   It protects you from poison.
   It affects your magic capacity (+9).
   It causes magical contamination when unequipped.
   It has a curse placed upon it.
Armour
 b - a +0 animal skin (worn)
 i - a +0 pair of gloves (worn)
 j - a +1 buckler (worn)
Jewellery
 d - an uncursed ring of wizardry {unknown}
Wands
 t - a wand of paralysis (11)
Scrolls
 h - a scroll of teleportation
 n - 2 scrolls of fog
 s - a scroll of identify
Potions
 e - a potion of heal wounds {unknown}
 f - a potion of curing
 k - a potion of agility {unknown}
 l - 2 potions of flight {unknown}
 m - 2 potions of haste {unknown}
Comestibles
 c - 5 bread rations
 g - a royal jelly
 q - a meat ration
 u - 2 fruits
 v - a chunk of flesh


   Skills:
 + Level 4.0 Fighting
 + Level 4.0 Long Blades
 - Level 1.5 Armour
 - Level 1.7 Dodging


You had 3 spell levels left.
You didn't know any spells.

Dungeon Overview and Level Annotations

Branches:
Dungeon (4/15)
 Temple: D:4-7

Altars:
Okawaru


Innate Abilities, Weirdness & Mutations

You cannot wear boots.
Your serpentine skin is tough (AC +1).
You have supernaturally acute eyesight.
Armour fits poorly on your strangely shaped body.
Your system is resistant to poisons.
You cover ground very slowly.
You have a slow metabolism.
You can spit poison.


Message History

The phantom hits you.
* * * LOW HITPOINT WARNING * * *
You are too injured to fight recklessly!
You are too injured to fight recklessly!
You are too injured to fight recklessly!
Drink which item? (? for menu, Esc to quit)
You feel better. The ogre misses you.
The phantom blinks!
You are too injured to fight recklessly!
You are too injured to fight recklessly!
You are too injured to fight recklessly!
You are too injured to fight recklessly!
You are too injured to fight recklessly!
You are too injured to fight recklessly!
You are too injured to fight recklessly!
You are too injured to fight recklessly!
You slash the ogre!
The ogre is heavily wounded.
The ogre hits you with a giant spiked club!!
Ouch! That really hurt!
You die...

. #.....##.......#
......#.....#........#
............#...........
......##.............##.
......'..............#
#....#.......###....#
#W..........## #.....
##.....O§†..## #..##
.......@...## #..
##........## #.......##
#.......# #........#
#.#....... ...........
...#....... ..........##


You could see a phantom and an ogre.

Vanquished Creatures
  3 adders
  An adder zombie (D:3)
  3 giant geckos
  An orc (D:4)
  3 giant cockroaches
  7 hobgoblins
  2 jackals (D:2)
  5 kobolds
  5 bats
  A giant newt (D:1)
  5 goblins
  4 rats
40 creatures vanquished.

Notes
Turn   | Place    | Note
--------------------------------------------------------------
     0 | D:1      | gorblad the Naga Berserker began the quest for the Orb.
     0 | D:1      | Reached XP level 1. HP: 21/21 MP: 1/1
   111 | D:1      | Reached XP level 2. HP: 21/28 MP: 2/2
   833 | D:2      | Reached XP level 3. HP: 13/34 MP: 3/3
  1171 | D:2      | Reached ** piety under Trog
  1623 | D:3      | Found an iron altar of Okawaru.
  1648 | D:3      | Fell from the grace of Trog
  1648 | D:3      | Became a worshipper of Warmaster Okawaru
  2076 | D:3      | Reached XP level 4. HP: 40/44 MP: 4/4
  2424 | D:4      | Reached skill level 4 in Fighting
  2529 | D:4      | Noticed a phantom
  2545 | D:4      | Got a warped short sword {freeze}
  2546 | D:4      | Identified the cursed +3 short sword "Hydrabane" {freeze, *Contam rPois MP+9} (You took it off an orc on level 4 of the Dungeon)
  2551 | D:4      | Noticed an ogre
  2557 | D:4      | Demolished by an ogre

Action                   |  1- 3 |  4- 6 || total
-------------------------+-------+-------++-------
Melee: Falchion          |    94 |       ||    94
       Long sword        |    32 |    14 ||    46
 Abil: Spit Poison       |       |     1 ||     1
  Use: Scroll            |     7 |     3 ||    10
       Potion            |       |     3 ||     3
 Stab: Sleeping          |     1 |       ||     1
  Eat: Chunk             |     2 |       ||     2
       Bread ration      |       |     1 ||     1
